 Dungeon Crawl Stone Soup version 0.24-a0-520-g8fd06ad0bc (webtiles) character file.

Game seed: 9015996574902133709

45 Gynju the Cudgeler (level 3, 0/23 HPs)
             Began as a Gargoyle Fighter on July 26, 2019.
             Slain by an ogre
             ... wielding a +0 giant club
              (13 damage)
             ... on level 3 of the Dungeon.
             The game lasted 00:01:10 (2033 turns).

Gynju the Cudgeler (Gargoyle Fighter)               Turns: 2033, Time: 00:01:11

Health: 0/23       AC: 10    Str: 20    XL:     3   Next: 64%
Magic:  3/3        EV:  7    Int:  8    God:
Gold:   114        SH:  9    Dex:  9    Spells: 2/2 levels left

rFire    . . .     SeeInvis .   a - +0 flail
rCold    . . .     Gourm    .   c - +0 shield
rNeg     + . .     Faith    .   b - +0 scale mail
rPois    ∞         Spirit   .   (no helmet)
rElec    +         Reflect  .   (no cloak)
rCorr    .         Harm     .   (no gloves)
MR       .....                  (no boots)
Stlth    ..........             (no amulet)
HPRegen  0.07/turn              (no ring)
MPRegen  0.08/turn              (no ring)

@: no status effects
A: negative energy resistance 1, electricity resistance, unbreathing,
petrification resistance, rot immunity, AC +3
a: no special abilities


You were on level 3 of the Dungeon.
You were hungry.

You visited 1 branch of the dungeon, and saw 3 of its levels.

You collected 114 gold pieces.

Inventory:

Hand Weapons
 a - a +0 flail (weapon)
Armour
 b - a +0 scale mail (worn)
 c - a +0 shield (worn)
Wands
 p - a wand of polymorph (7)
Scrolls
 e - 4 scrolls of remove curse {unknown}
 g - a scroll of blinking {unknown}
 l - 2 scrolls of identify {unknown}
 n - a scroll of random uselessness {unknown}
 o - a scroll of teleportation {unknown}
Potions
 d - a potion of might
 h - a potion of curing {unknown}
 i - a potion of mutation {unknown}
 j - a potion of berserk rage {unknown}
 k - 2 potions of haste {unknown}
 m - 2 potions of brilliance {unknown}
Comestibles
 f - 10 rations


   Skills:
 - Level 3.2 Fighting
 + Level 3.9 Maces & Flails
 - Level 3.2 Armour
 - Level 3.2 Shields


You had 2 spell levels left.
You didn't know any spells.
Your spell library was empty.

Dungeon Overview and Level Annotations

Branches:
Dungeon (3/15)

Altars:
Elyvilon
Sif Muna


Innate Abilities, Weirdness & Mutations

You are resistant to torment.
Your stone body is resilient. (AC +3)
You are immune to poison.
You resist negative energy. (rN+)
You are resistant to electric shocks. (rElec)
You can survive without breathing.
You are immune to petrification.
You are immune to rotting.


Message History

An orc comes into view. It is wielding a +0 falchion.
You hit the ogre.
The ogre is lightly wounded.
The ogre closely misses you.
An orc comes into view. It is wielding a +0 hand axe.
You thump the ogre!
The ogre is moderately wounded.
The orc wizard mumbles some strange words.
The orc wizard blinks!
The ogre hits you with a +0 giant club!
You sock the ogre!
The ogre is severely wounded.
The orc completely misses you. The ogre hits you with a +0 giant club.
An orc comes into view.
The orc shouts!
You sock the ogre!
The ogre is almost dead.
The orc hits you but does no damage. You block the orc's attack.
The ogre hits you with a +0 giant club!
Ouch! That really hurt!
You die...

#########.# #.........#
#.......# ######
#.......#### ......#####
#..).<......
..........#.#......#####
.........!#.#####+#.....
.o.o..o...#....##.#.####
#.O@..# #...#.....#
##.o...###....##.#.#
.......##.......##.#.#
.......................
#######.##.#<....##.###.
#.##.###.#.##... <
#........#.#### #
###.####.### .. ...


You could see an ogre and 4 orcs.

Vanquished Creatures
  2 adders (D:2)
  A leopard gecko (D:2)
  A giant cockroach (D:1)
  2 goblins
  3 hobgoblins
  3 jackals (D:2)
  4 kobolds
  A quokka (D:2)
  4 bats
  2 frilled lizards
  3 rats
26 creatures vanquished.

Notes
Turn   | Place    | Note
-------+----------+-------------------------------------------
     0 | D:1      | Gynju the Gargoyle Fighter began the quest for the Orb.
     0 | D:1      | Reached XP level 1. HP: 14/14 MP: 1/1
   332 | D:1      | Reached XP level 2. HP: 17/19 MP: 2/2
  1181 | D:2      | Reached XP level 3. HP: 18/23 MP: 3/3
  1807 | D:2      | Found a faded altar of an unknown god.
  1953 | D:2      | Found a deep blue altar of Sif Muna.
  2014 | D:3      | Found a white marble altar of Elyvilon.
  2025 | D:3      | Noticed an ogre
  2033 | D:3      | Slain by an ogre

Levels and vault maps discovered:
D:1:      roderic_dead_forest, layout_basic, minmay_misc_feat_columns
D:2:      layout_loops_corners, marbit_many_paths,
          chequers_ecumenical_altar_simple_redux
D:3:      minmay_spotlight, layout_basic, overflow_temple_1_default,
          first_ration, uniq_natasha

Skill      XL: |  1  2 |
---------------+-------+-----
Maces & Flails | 3 |  3.9
Fighting       | |  3.2
Armour         | |  3.2
Shields        | |  3.2

Action                   || total
-------------------------++-------
Melee: Flail             ||   132
  Eat: Chunk             ||     3
Armor: Scale mail        ||    93
Dodge: Dodged            ||    65
Block: Shield            ||    93

Table legend:
 A = Non-vault XP
 B = Vault XP
 C = Vault XP percentage of total XP
 D = Non-vault monster count
 E = Vault monster count
 F = Vault count percentage of total count
                 A         B        C        D         E       F
            +---------+---------+-------+---------+---------+-------
      Total |      62 |       3 |   4.6 |      25 |       1 |   3.8
            +---------+---------+-------+---------+---------+-------
        D:1 |      11 |       0 |   0.0 |       8 |       0 |   0.0
        D:2 |      49 |       3 |   5.8 |      16 |       1 |   5.9
        D:3 |       2 |       0 |   0.0 |       1 |       0 |   0.0
            +---------+---------+-------+---------+---------+-------
